 Dungeon Crawl Stone Soup version 0.23.2-33-g5129a83184 (webtiles) character file.

Game seed: 9364206297628652397

110 funkygono the Chiller (level 4, -11/33 HPs)
             Began as a Ghoul Ice Elementalist on July 13, 2019.
             Killed from afar by Ijyb (16 damage)
             ... with a wand of acid (6)
             ... on level 2 of the Dungeon.
             The game lasted 00:09:20 (3471 turns).

funkygono the Chiller (Ghoul Ice Elementalist)      Turns: 3471, Time: 00:09:21

Health: -11/33     AC:  3    Str: 11    XL:     4   Next: 91%
Magic:  4/6        EV: 12    Int: 11    God:
Gold:   99         SH:  0    Dex:  9    Spells: 2/8 levels left

rFire    . . .     SeeInvis .     - Unarmed
rCold    + . .     Gourm    .   (no shield)
rNeg     + + +     Faith    .   a - +0 robe
rPois    ∞         Spirit   .   f - +0 helmet
rElec    .         Reflect  .   (no cloak)
rCorr    .         Harm     .   (no gloves)
MR       .....                  (no boots)
Stlth    ++........             (no amulet)
HPRegen  0.00/turn              e - ring of wizardry
MPRegen  0.10/turn              (no ring)

@: rotting
A: rotting body, claws 1, carnivore, cold resistance 1, negative energy
resistance 3, inhibited regeneration, torment resistance, unbreathing
a: no special abilities


You were on level 2 of the Dungeon.
You were not hungry.

You visited 1 branch of the dungeon, and saw 3 of its levels.

You collected 99 gold pieces.

Inventory:

Missiles
 j - 58 stones (quivered)
Armour
 a - a +0 robe (worn)
 b - a +0 leather armour
 f - a +0 helmet (worn)
Jewellery
 e - a ring of wizardry (left claw)
Scrolls
 k - a scroll of enchant weapon
Potions
 d - a potion of flight
 g - a potion of curing {unknown}
 h - a potion of degeneration {unknown}
Comestibles
 c - 4 rations


   Skills:
 + Level 0.2 Fighting
 + Level 2.0 Dodging
 + Level 2.6 Stealth
 + Level 1.3 Unarmed Combat
 + Level 2.6 Spellcasting
 + Level 0.8 Conjurations
 + Level 4.6 Ice Magic


You had 2 spell levels left.
You knew the following spells:

 Your Spells              Type           Power        Failure   Level  Hunger
a - Freeze                Ice            ##..         1%          1    ##.....
b - Throw Frost           Conj/Ice       #.....       6%          2    ###....
c - Ozocubu's Armour      Chrm/Ice       #.......     13%         3    ####...

Your spell library contained the following spells:

 Spells                   Type           Power        Failure   Level  Hunger
 Throw Icicle             Conj/Ice       #.......     32%         4    #####..
 Summon Ice Beast         Ice/Summ       #.......     38%         4    #####..


Dungeon Overview and Level Annotations

Branches:
Dungeon (3/15)

Altars:
Ashenzari
Zin

Annotations:
D:2 Ijyb


Innate Abilities, Weirdness & Mutations

Your body is rotting away.
You thrive on raw meat.
You are immune to poison.
You have sharp fingernails.
You are carnivorous and can eat meat at any time.
Your flesh is cold resistant. (rC+)
You are immune to negative energy. (rN+++)
You do not regenerate when monsters are visible.
You are immune to unholy pain and torment.
You can survive without breathing.


Message History

Ijyb zaps a wand.
The bolt of acid hits you!
Ouch! That really hurt!
* * * LOW HITPOINT WARNING * * *
The acid corrodes you!
You are splashed with acid.
* * * LOW HITPOINT WARNING * * *
There is a stone staircase leading up here.
Ijyb closely misses you.
You climb upwards.
There is a stone staircase leading down here.
Things that are here:
a +0 dagger; a kobold skeleton Ijyb screams, "Me very upset!"
There is an open door here.
Ijyb zaps a wand.
The bolt of acid misses you.
You close the door.
Ijyb opens the door.
Ijyb zaps a wand.
The bolt of acid misses you.
You are no longer corroded.
Ijyb zaps a wand.
The bolt of acid hits you!
You die...

####....<....####>..###
# ##......g## #..)...#
##.....## #.#.##.#
##...######.#....# #
##.........###..# #
#..######g###..# #
######..######......#
#...........##.###.##
#.###...###.##@# #.#
##.##...........# #.#
#...##...###.#### #.#
##...###.## #.######.#
.....# ### #........#
###### ##########


You could see Ijyb.

Vanquished Creatures
  3 gnolls (D:2)
  2 adders (D:2)
  3 dart slugs
  A leopard gecko (D:1)
  3 orcs
  A ball python (D:1)
  9 bats
  4 giant cockroaches
  4 goblins
  5 hobgoblins
  11 kobolds
  3 frilled lizards (D:2)
  4 rats
53 creatures vanquished.

Notes
Turn   | Place    | Note
-------+----------+-------------------------------------------
     0 | D:1      | funkygono the Ghoul Ice Elementalist began the quest for
                  | the Orb.
     0 | D:1      | Reached XP level 1. HP: 14/14 MP: 2/2
   187 | D:1      | Reached XP level 2. HP: 19/20 MP: 0/3
   267 | D:1      | Learned a level 2 spell: Throw Frost
   739 | D:1      | HP: 1/20 [hobgoblin (1)]
  1128 | D:1      | Reached XP level 3. HP: 25/25 MP: 2/5
  1140 | D:1      | Learned a level 3 spell: Ozocubu's Armour
  1189 | D:1      | Reached skill level 4 in Ice Magic
  1675 | D:2      | Found a glowing silver altar of Zin.
  1917 | D:2      | Found a shattered altar of Ashenzari.
  2226 | D:2      | Reached XP level 4. HP: 33/33 MP: 4/6
  2279 | D:2      | Reached skill level 1 in Unarmed Combat
  3431 | D:3      | Noticed Ijyb
  3442 | D:3      | Noticed a hippogriff
  3471 | D:2      | Killed from afar by Ijyb

Skill      XL: |  1  2  3  4 |
---------------+-------------+-----
Spellcasting   | 2 |  2.6
Ice Magic      | 4 |  4.6
Dodging        | 2 |  2.0
Unarmed Combat | 1 |  1.3
Fighting       | |  0.2
Stealth        | |  2.6
Conjurations   | |  0.8

Action                   |  1- 3 |  4- 6 || total
-------------------------+-------+-------++-------
Melee: Unarmed           |    56 |    24 ||    80
 Cast: Freeze            |    48 |    17 ||    65
       Throw Frost       |     5 |    17 ||    22
  Use: Scroll            |     1 |     4 ||     5
 Stab: Sleeping          |     1 |       ||     1
  Eat: Chunk             |     5 |     7 ||    12
Armor: Robe              |    18 |     5 ||    23
Dodge: Dodged            |    71 |    33 ||   104
